 Dungeon Crawl Stone Soup version 0.30-b1-2-g02819fbbbe (webtiles) character file.

Game seed: 10760943495102064590

54 nightchill the Cudgeller (level 3, -3/32 HPs)
             Began as an Armataur Warper on Jan 12, 2024.
             Succumbed to a scorpion's poison
             ... on level 3 of the Dungeon.
             The game lasted 00:02:37 (1499 turns).

nightchill the Cudgeller (Armataur Warper)          Turns: 1499, Time: 00:02:37

Health: -3/32      AC:  5    Str: 18    XL:     3   Next: 66%
Magic:  5/5        EV:  9    Int: 13    God:
Gold:   100        SH:  0    Dex:  9    Spells: 5/5 levels left

rFire   . . .        a - +0 mace
rCold   . . .        (no shield)
rNeg    . . .        b - +0 leather armour
rPois   .            (no helmet)
rElec   .            j - +0 cloak
rCorr   .            (no gloves)
SInv    .            (no barding)
Will    .....        (no amulet)
Stlth   +            (no ring)
HPRegen 0.25/turn    (no ring)
MPRegen 0.09/turn

%: roll
@: lethally poisoned (-3 -> -24)
A: large, rugged brown scales 3, deformed body, armoured tail, roll, long
tongue, awkward tongue
a: no special abilities


You were on level 3 of the Dungeon.
You visited 1 branch of the dungeon, and saw 4 of its levels.

You collected 100 gold pieces.

Inventory:

Hand Weapons
 a - a +0 mace (weapon)
Missiles
 d - 7 boomerangs of dispersal (quivered)
Armour
 b - a +0 leather armour (worn)
 j - a +0 cloak (worn)
Scrolls
 c - a scroll of blinking
 e - 2 scrolls of fog {unknown}
 i - 2 scrolls of identify {unknown}
 k - a scroll of teleportation {unknown}
 m - 3 scrolls of magic mapping {unknown}
Potions
 f - 2 potions of haste {unknown}
 g - a potion of attraction {unknown}
 h - a potion of curing {unknown}
 l - a potion of berserk rage {unknown}


   Skills:
 + Level 2.5 Fighting
 * Level 3.2 Maces & Flails
 - Level 0.8 Throwing
 - Level 1.2 Armour
 - Level 1.3 Dodging
 - Level 1.7 Spellcasting
 - Level 3.0 Translocations


You had 5 spell levels left.
You didn't know any spells.
Your spell library contained the following spells:

 Spells                   Type           Power      Damage    Failure   Level
 Blink                    Tloc           16%        N/A       14%         2
 Lesser Beckoning         Tloc           16%        N/A       14%         2
 Teleport Other           Tloc           8%         N/A       26%         3
 Summon Small Mammal      Summ           4%         N/A       30%         1
 Vhi's Electric Charge    Tloc/Air       10%        N/A       45%         3
 Manifold Assault         Tloc           8%         N/A       65%         4
 Call Canine Familiar     Summ           1%         N/A       67%         3
 Summon Guardian Golem    Hex/Summ       1%         N/A       67%         3


Dungeon Overview and Level Annotations

Branches:
Dungeon (4/15)
 Temple: D:4-7

Altars:

Shops:
D:1 :


Innate Abilities, Weirdness & Mutations

You are completely covered in rugged brown scales. (AC +3, +7% HP)
Armour fits poorly on your strangely shaped body.
You have a long armoured tail.
You roll when moving toward enemies. (Rampage)
Your long tongue fully drains potion bottles. (2x potion effects)
Your tongue gives you trouble enunciating. (1.5x scroll delay)


Message History

The scorpion stings you but does no damage.
You closely miss the scorpion.
The scorpion stings you but does no damage.
The scorpion stings you.
You are poisoned.
The scorpion poisons you!
You hit the scorpion.
You tail-slap the scorpion, but do no damage.
The scorpion is lightly wounded.
You feel very sick. The scorpion stings you.
You barely miss the scorpion.
The scorpion is lightly wounded.
You feel very sick. The scorpion closely misses you. x2
You hit the scorpion.
The scorpion is moderately wounded.
You feel sick.
The scorpion stings you but does no damage.
You hit the scorpion but do no damage.
The scorpion is moderately wounded.
You feel sick.
The scorpion stings you but does no damage.
You barely miss the scorpion.
Your tail-slap misses the scorpion.
The scorpion is moderately wounded.
You feel sick. The scorpion barely misses you. The scorpion stings you.
* * * LOW HITPOINT WARNING * * *
You are lethally poisoned!
The scorpion poisons you!
You barely miss the scorpion. You tail-slap the scorpion.
The scorpion is heavily wounded.
* * * LOW HITPOINT WARNING * * *
You feel very sick. The scorpion stings you.
* * * LOW HITPOINT WARNING * * *
You are more poisoned.
The scorpion poisons you!
You hit the scorpion.
The scorpion is severely wounded.
You die...

.......>...........
.......†...........
..#####.###........
#............ ##.#.##+#....
##### #.#....#.### # #...#
#.#.##......
..#####..(########.#.####...#
...#......s@..[.............
#...#...###############.#.#
###.....# ## #####
#####.....# .######
........).# #.#....
......###.## #.#.... ......
#..# #'#.... ...... ##..#
#...... ...$. ##.# #......


You could see a scorpion.

Vanquished Creatures
  A gnoll (D:1)
  An adder (D:2)
  2 endoplasms (D:1)
  A giant cockroach (D:1)
  A hobgoblin (D:2)
  4 quokkas
  5 ball pythons
  2 bats (D:1)
  3 frilled lizards
  9 kobolds
  7 rats
36 creatures vanquished.

Vanquished Creatures (others)
  5 toadstools (D:3)
5 creatures vanquished.

Grand Total: 41 creatures vanquished

Notes
Turn   | Place    | Note
-------+----------+-------------------------------------------
     0 | D:1      | nightchill the Armataur Warper began the quest for the Orb.
     0 | D:1      | Reached XP level 1. HP: 18/18 MP: 3/3
    42 | D:1      | Found Luryts's Book Boutique.
   261 | D:1      | Reached XP level 2. HP: 25/25 MP: 4/4
   866 | D:1      | Reached XP level 3. HP: 32/32 MP: 5/5
  1255 | D:2      | You fall into a shaft and drop 2 floors!
  1258 | D:4      | Noticed an ice beast
  1481 | D:3      | Noticed a scorpion
  1499 | D:3      | Succumbed to a scorpion's poison

Illustrated notes

Levels and vault maps discovered:
D:1:      onia_arrival_pentagram, layout_basic, serial_shops, shop_fountains
D:2:      layout_loops_cross, minmay_pentomino_pile
D:3:      cheibrodos_fertilizer, layout_basic, grunt_ministairs_6
D:4:      layout_cave_pools, minmay_temple_entry_nine_rooms, serial_forest,
          infiniplex_forest_straight_3, infiniplex_forest_clump_small,
          infiniplex_forest_straight_4, infiniplex_forest_zigzag_1,
          infiniplex_forest_end_3, infiniplex_forest_clump_curved,
          uniq_blork_the_orc, uniq_ijyb

Skill      XL: |  1  2  3 |
---------------+----------+-----
Maces & Flails | 2 3 |  3.2
Fighting       | 2 |  2.5
Throwing       | |  0.8
Armour         | |  1.2
Dodging        | |  1.3
Spellcasting   | |  1.7
Translocations | |  3.0

Action                     || total
---------------------------++-------
  Melee: Mace              ||   110
         Tailslap          ||    17
 Armour: Leather armour    ||    54
  Dodge: Dodged            ||    66
